 Dungeon Crawl Stone Soup version 0.20-a0-1026-gc3ddcbd (webtiles) character file.

177 IKeelU3 the Firebug (level 5, 0/35 HPs)
             Began as a Barachi Fire Elementalist on Apr 20, 2017.
             Succumbed to a gnoll's poison
             ... on level 3 of the Dungeon.
             The game lasted 00:08:20 (3038 turns).

IKeelU3 the Firebug (Barachi Fire Elementalist)     Turns: 3038, Time: 00:08:21

Health: 0/35       AC:  2    Str:  9    XL:     5   Next: 57%
Magic:  3/8        EV: 18    Int: 17    God:
Gold:   227        SH:  0    Dex: 17    Spells: 2/8 levels left

rFire    . . .     SeeInvis .   q - +1 quarterstaff (protect)
rCold    . . .     Gourm    .   (shield currently unavailable)
rNeg     . . .     Faith    .   a - +0 robe
rPois    .         Spirit   .   (no helmet)
rElec    .         Reflect  .   (no cloak)
rCorr    .         Harm     .   (no gloves)
MR       .....                  (no boots)
Stlth    +++.......             (no amulet)
Regen    0.2/turn               (no ring)
MPRegen  0.2/turn               (no ring)

@: agile, lethally poisoned (0 -> -5), slow
A: +LOS, swims, slowness 1, strong legs 1
a: Hop


You were on level 3 of the Dungeon.
You were not hungry.

You visited 1 branch of the dungeon, and saw 3 of its levels.

You collected 227 gold pieces.

Inventory:

Hand Weapons
 q - a +1 quarterstaff of protection (weapon)
Armour
 a - a +0 robe (worn)
 d - a +0 leather armour
Scrolls
 e - a scroll of teleportation
 g - 3 scrolls of remove curse
 h - a scroll of recharging
 l - 2 scrolls of identify
 n - 3 scrolls of blinking
 p - a scroll of fog {unknown}
Books
 b - a book of Flames

   Spells                             Type                      Level
   a - Flame Tongue                   Conjuration/Fire             1
   b - Throw Flame                    Conjuration/Fire             2
   c - Conjure Flame                  Conjuration/Fire             3
   d - Inner Flame                    Hexes/Fire                   3
   e - Sticky Flame                   Conjuration/Fire             4
   f - Fireball                       Conjuration/Fire             5
Comestibles
 c - 2 bread rations
 f - 5 chunks of flesh
 j - 7 fruits
 k - a royal jelly
 m - a meat ration


   Skills:
 - Level 2.1 Dodging
 - Level 1.7 Stealth
 - Level 2.1 Spellcasting
 - Level 4.3 Conjurations
 + Level 5.0 Fire Magic


You had 2 spell levels left.
You knew the following spells:

 Your Spells              Type           Power        Failure   Level  Hunger
a - Flame Tongue          Conj/Fire      ###..        2%          1    #......
b - Throw Flame           Conj/Fire      ###...       4%          2    ###....
c - Conjure Flame         Conj/Fire      ###.....     9%          3    ###....


Dungeon Overview and Level Annotations

Branches:
Dungeon (3/15)

Altars:
Nemelex Xobeh
Xom

Annotations:
D:3 Paps's ghost, amateur DsNe


Innate Abilities, Weirdness & Mutations

Shadows flee at your approach. (+LOS)
You can swim through water.
You cover ground slowly.
You can hop short distances.


Message History

You feel sick.
You see here a spear.
It was a potion of agility.
You feel agile all of a sudden.
* * * LOW HITPOINT WARNING * * *
You feel sick.
* * * LOW HITPOINT WARNING * * *
You feel sick.
* * * LOW HITPOINT WARNING * * *
You feel sick.
* * * LOW HITPOINT WARNING * * *
You feel sick.
Okay, then.
* * * LOW HITPOINT WARNING * * *
You feel sick.
You aren't carrying any potions.
Unknown command.
* * * LOW HITPOINT WARNING * * *
You feel sick.
You die...

#.....##.<..[.######.######
##..........### #. #
#######.....[......# #> #
...................# # #
...................# ..######
......##...)......## ........
......###..)##...## ########
.............####################
......######....@.)<>............
......# ######################
......# # ####### # #


There were no monsters in sight!

Vanquished Creatures
  Terence (D:3)
  6 adders
  4 gnolls
  2 worms (D:2)
  A dart slug (D:1)
  2 leopard geckos
  2 ball pythons
  9 bats
  2 giant cockroaches
  6 goblins
  4 hobgoblins
  5 kobolds
  7 frilled lizards
  6 rats
57 creatures vanquished.

Notes
Turn   | Place    | Note
-------+----------+-------------------------------------------
     0 | D:1      | IKeelU3 the Barachi Fire Elementalist began the quest for the Orb.
     0 | D:1      | Reached XP level 1. HP: 13/13 MP: 3/3
   146 | D:1      | Found a shimmering altar of Xom.
   329 | D:1      | Reached XP level 2. HP: 19/19 MP: 3/5
   709 | D:1      | Reached XP level 3. HP: 24/24 MP: 0/6
   713 | D:1      | Learned a level 2 spell: Throw Flame
   717 | D:1      | Learned a level 3 spell: Conjure Flame
  1371 | D:2      | Reached XP level 4. HP: 27/30 MP: 1/7
  1523 | D:2      | Found a sparkling altar of Nemelex Xobeh.
  1943 | D:3      | Noticed Terence
  1963 | D:3      | Killed Terence
  1963 | D:3      | Reached skill level 4 in Fire Magic
  1963 | D:3      | Reached XP level 5. HP: 19/35 MP: 0/8
  2091 | D:3      | Noticed Paps's ghost (amateur DsNe)
  3024 | D:3      | Reached skill level 5 in Fire Magic
  3037 | D:3      | HP: 1/35 [poisoned by a gnoll]
  3038 | D:3      | Succumbed to a gnoll's poison

Vault maps used:
D:1:      dpeg_arrival_chambers_temple_mockup, xom_teletrap_fun
D:2:      lemuel_coloured_pillars_altar
D:3:      first_bread, uniq_terence

Skill      XL: |  1  2  3  4  5 |
---------------+----------------+-----
Conjurations   | 2 3 4 |  4.3
Fire Magic     | 4 5 |  5.0
Dodging        | |  2.1
Stealth        | |  1.7
Spellcasting   | |  2.1

Action                   |  1- 3 |  4- 6 || total
-------------------------+-------+-------++-------
Melee: Unarmed           |     3 |       ||     3
       War axe           |       |    13 ||    13
 Cast: Flame Tongue      |    57 |    67 ||   124
       Conjure Flame     |       |     1 ||     1
 Abil: Hop               |       |     1 ||     1
  Use: Scroll            |     1 |     4 ||     5
       Potion            |       |     3 ||     3
  Eat: Chunk             |     2 |     7 ||     9
Armor: Robe              |     9 |     3 ||    12
Dodge: Dodged            |    26 |    35 ||    61
